 Dungeon Crawl Stone Soup version 0.26-a0-8-gc4d20be10f (webtiles) character file.

Game seed: 1593815074031163185, levelgen mode: deterministic

20513 wullow the Severer (level 12, 0/111 HPs)
             Began as a Minotaur Berserker on May 24, 2020.
             Was a High Priest of Trog.
             Slain by a basilisk (3 damage)
             ... while petrified by a basilisk
             ... on level 4 of the Lair of Beasts.
             The game lasted 00:32:20 (17226 turns).

wullow the Severer (Minotaur Berserker)            Turns: 17226, Time: 00:32:20

Health: 0/111      AC: 12    Str: 22    XL:     12   Next: 46%
Magic:  11/11      EV:  2    Int:  6    God:    Trog [*****.]
Gold:   862        SH:  0    Dex: 13    Spells: 11/11 levels left

rFire    + . .     SeeInvis +   y - +2 executioner's axe (vorpal)
rCold    x . .     Gourm    .   (shield currently unavailable)
rNeg     + + +     Faith    .   I - +2 plate armour {rN+}
rPois    ∞         Spirit   .   (helmet restricted)
rElec    .         Reflect  .   (no cloak)
rCorr    .         Harm     .   (no gloves)
MR       .....                  (no boots)
Stlth    ..........             v - amulet of the acrobat
HPRegen  0.28/turn              w - ring of see invisible
MPRegen  0.12/turn              q - ring of fire

@: petrified, very slightly contaminated, extremely drained, invisible
A: retaliatory headbutt, horns 2
a: Berserk, Trog's Hand, Brothers in Arms, Renounce Religion


You were on level 4 of the Lair of Beasts.
You worshipped Trog.
Trog was extremely pleased with you.
You were near starving.

You visited 3 branches of the dungeon, and saw 17 of its levels.

You collected 862 gold pieces.

Inventory:

Hand Weapons
 a - a +0 hand axe
 y - a +2 vorpal executioner's axe (weapon)
 C - a +4 dagger of holy wrath
 F - a +1 war axe
 O - a +0 hunting sling
Missiles
 d - 459 stones
 j - 11 curare-tipped darts
 o - 92 bolts
 p - 46 poisoned darts (quivered)
 t - 117 sling bullets
 z - 205 arrows
 N - 3 atropa-tipped darts
Armour
 D - a +0 leather armour of fire resistance
 I - a +2 plate armour of positive energy (worn)
 J - a +1 leather armour of cold resistance
 Q - a +0 troll leather armour
Jewellery
 i - an uncursed ring of wizardry
 q - a ring of fire (right hand)
 v - an amulet of the acrobat (around neck)
 w - a ring of see invisible (left hand)
 T - an uncursed amulet of guardian spirit
Wands
 f - a wand of enslavement (15)
 h - a wand of disintegration (12)
 m - a wand of flame (15)
 r - a wand of polymorph (8)
 S - a wand of acid (9)
Scrolls
 b - 4 scrolls of identify
 e - a scroll of magic mapping
 l - 4 scrolls of teleportation
 x - 4 scrolls of remove curse
 B - 2 scrolls of blinking
 M - 2 scrolls of fog
 P - 2 scrolls of enchant armour
Potions
 g - 4 potions of curing
 k - 4 potions of brilliance
 n - 4 potions of lignification
 s - 5 potions of flight
 u - a potion of invisibility
 A - 2 potions of stabbing
 G - a potion of haste
Comestibles
 c - 19 rations


   Skills:
 + Level 11.7(0.0) Fighting
 * Level 15.5(0.0) Axes
 + Level 11.5(0.0) Armour
 - Level 10.0(0.0) Dodging


You had 11 spell levels left.
You didn't know any spells.
Your spell library contained the following spells:

 Spells                   Type           Power        Failure   Level  Hunger
 Animate Skeleton         Necr           N/A          100%        1    ##.....
 Apportation              Tloc           #.....       100%        1    ##.....
 Corona                   Hex            #......      100%        1    ##.....
 Magic Dart               Conj           #...         100%        1    ##.....
 Summon Small Mammal      Summ           #...         100%        1    ##.....
 Blink                    Tloc           N/A          100%        2    ###....
 Call Imp                 Summ           #.......     100%        2    ###....
 Passwall                 Tmut/Erth      #.......     100%        2    ###....
 Searing Ray              Conj           #.....       100%        2    ###....
 Slow                     Hex            #.......     100%        2    ###....
 Swiftness                Chrm/Air       #.......     100%        2    ###....
 Conjure Flame            Conj/Fire      #.......     100%        3    ####...
 Dazzling Flash           Conj/Hex       #.....       100%        3    ####...
 Mephitic Cloud           Conj/Pois/Air  #.......     100%        3    ####...
 Fulminant Prism          Conj/Hex       #.........   100%        4    #####..
 Iskenderun's Mystic Bla  Conj/Tloc      #.......     100%        4    #####..
 Passage of Golubria      Tloc           N/A          100%        4    #####..
 Lee's Rapid Deconstruct  Erth           #.........   100%        5    ######.
 Darkness                 Hex            #.........   100%        6    #######
 Invisibility             Hex            #.......     100%        6    #######


Dungeon Overview and Level Annotations

Branches:
Dungeon (10/15)            Temple (1/1) D:5            Lair (6/6) D:9
 Shoals (0/4) Lair:4       Spider (0/4) Lair:4
  Slime: Lair:5-6       Orc: D:9-12

Altars:
Ashenzari
Cheibriados
Dithmenos
Elyvilon
Fedhas
Gozag
Hepliaklqana
Kikubaaqudgha
Nemelex Xobeh
Okawaru
Qazlal
Ru
Sif Muna
Trog
Uskayaw
Vehumet
Wu Jian
Xom
Yredelemnul
Zin
The Shining One
Lugonu

Portals:
Trove: D:10 (give +8 demon trident)

Annotations:
Lair:4 Sonja
Lair:5 1 runed translucent door


Innate Abilities, Weirdness & Mutations

You reflexively headbutt those who attack you in melee.
You have a pair of horns on your head.


Message History

The basilisk is heavily wounded.
The basilisk barely misses you. The basilisk gazes at you.
You resist with some effort.
Unknown command.
Your plate armour prevents you from hitting the basilisk.
Your headbutt misses the basilisk.
The basilisk is heavily wounded.
The basilisk bites you but does no damage.
The basilisk bites you.
* * * LOW HITPOINT WARNING * * *
Unknown command.
You fade into invisibility!
The basilisk gazes at you.
You are slowing down.
You are very lightly contaminated with residual magic.
The basilisk gazes at something.
Your limbs have turned to stone.
You have turned to stone.
The basilisk bites you!
You die...

###.......## #..........#
#.........# # ##.......#### .
.###....(.(....# .
............# #........#
###.÷÷..## #.@...#
####l..######### # #####
#..('##....##≈≈##
####.#.######..........#≈≈≈≈#
.........##.#.........##≈≈≈≈#
........+........(....#≈≈>≈≈#
.....=...P#.........(##≈≈≈≈##
........#####.......(#≈≈≈≈##
........# #..........≈≈##


You could see a basilisk.

Vanquished Creatures
  3 two-headed ogres
  2 unseen horrors
  10 elephants
  2 black mambas
  Joseph (D:9)
  A merfolk siren (Lair:4)
  2 spiny frogs
  A gargoyle (D:10)
  A rime drake (Lair:5)
  2 komodo dragons (Lair:3)
  3 trolls
  2 hippogriffs (Lair:1)
  3 blink frogs (Lair:4)
  A spriggan (D:8)
  A hungry ghost (D:10)
  Grum (Lair:1)
  9 porcupines
  7 water moccasins
  A sky beast (D:10)
  2 black bears
  5 orc warriors
  An eye of draining (D:10)
  A phantom (D:5)
  3 ogres
  3 centaurs
  27 wolves
  2 crocodiles
  16 bullfrogs
  A wyvern zombie (D:8)
  2 scorpions
  2 electric eels (Lair:1)
  2 howler monkeys
  4 crimson imps
  A bullfrog zombie (D:8)
  A quasit (D:10)
  A gnoll shaman (D:3)
  7 hounds
  10 orc priests
  4 jellies
  A centaur skeleton (D:2)
  2 bullfrog skeletons
  2 iguanas
  17 orc wizards
  4 worker ants
  A killer bee zombie (D:5)
  2 hound zombies
  A hound skeleton (D:8)
  3 worker ant zombies
  A howler monkey zombie (D:8)
  A howler monkey skeleton (D:4)
  6 adders
  3 gnolls (D:3)
  A shadow imp (D:10)
  An ooze (D:2)
  3 adder skeletons
  5 worms
  4 dart slugs
  6 leopard geckos
  39 orcs
  4 giant cockroaches
  11 goblins
  7 hobgoblins
  4 jackals (D:9)
  6 quokkas
  A ball python (D:7)
  6 bats
  7 frilled lizards
  8 kobolds
  A leopard gecko skeleton (D:5)
  4 rats
  3 fungi
313 creatures vanquished.

Vanquished Creatures (collateral kills)
  2 hydras (Lair:4)
  A water moccasin (Lair:4)
3 creatures vanquished.

Vanquished Creatures (others)
  A ghoul (D:1)
  A draconian (D:1)
  A vine stalker (D:1)
  A spriggan (D:1)
  2 vampires (D:1)
  3 humans (D:1)
  A naga (D:1)
  A dwarf (D:1)
  An orc (D:1)
  6 fungi
  10 plants
  5 tentacles (D:1)
33 creatures vanquished.

Grand Total: 349 creatures vanquished

Notes
Turn   | Place    | Note
-------+----------+-------------------------------------------
     0 | D:1      | wullow the Minotaur Berserker began the quest for the Orb.
     0 | D:1      | Reached XP level 1. HP: 19/19 MP: 0/0
     0 | D:1      | Noticed a draconian
     0 | D:1      | Noticed a vampire
     0 | D:1      | Noticed a vampire
     0 | D:1      | Noticed a spriggan
     0 | D:1      | Noticed a naga
     0 | D:1      | Noticed a kraken
     0 | D:1      | Noticed a human
     0 | D:1      | Noticed a ghoul
     0 | D:1      | Noticed a dwarf
     0 | D:1      | Noticed a human
     0 | D:1      | Noticed a human
     0 | D:1      | Noticed a vine stalker
     3 | D:1      | Killed a spriggan
     3 | D:1      | Killed a vampire
     6 | D:1      | Killed a vampire
     8 | D:1      | Killed a naga
     9 | D:1      | Killed a human
    10 | D:1      | Killed a ghoul
    12 | D:1      | Killed a draconian
    12 | D:1      | Killed a dwarf
    12 | D:1      | Killed a vine stalker
    13 | D:1      | Killed a human
    13 | D:1      | Killed a human
   217 | D:1      | Reached skill level 4 in Axes
   217 | D:1      | Reached XP level 2. HP: 17/27 MP: 1/1
   648 | D:2      | Found a faded altar of an unknown god.
   695 | D:2      | Found a glowing golden altar of the Shining One.
   697 | D:2      | Noticed an angel
   813 | D:2      | Reached XP level 3. HP: 23/33 MP: 2/2
   918 | D:2      | Found a white marble altar of Elyvilon.
  1374 | D:2      | Reached XP level 4. HP: 32/40 MP: 3/3
  1503 | D:2      | Reached ** piety under Trog
  1730 | D:2      | Found a basalt altar of Yredelemnul.
  1911 | D:2      | Found an opulent altar of Gozag.
  1912 | D:2      | Found a glowing silver altar of Zin.
  2026 | D:3      | Found an iron altar of Okawaru.
  2188 | D:3      | Reached skill level 5 in Axes
  2527 | D:3      | Reached XP level 5. HP: 47/47 MP: 4/4
  2975 | D:4      | You fall into a shaft and drop 3 floors!
  3027 | D:6      | Reached XP level 6. HP: 53/55 MP: 5/5
  3071 | D:6      | Reached skill level 6 in Axes
  3348 | D:5      | Entered Level 5 of the Dungeon
  3480 | D:4      | Reached skill level 5 in Fighting
  3597 | D:5      | Found a staircase to the Ecumenical Temple.
  3610 | Temple   | Entered the Ecumenical Temple
  3740 | D:5      | Reached *** piety under Trog
  3854 | D:5      | Reached XP level 7. HP: 40/61 MP: 6/6
  4031 | D:5      | Found a shimmering blue altar of Sif Muna.
  4050 | D:5      | Reached skill level 7 in Axes
  4344 | D:5      | Reached skill level 5 in Armour
  4889 | D:5      | Found a shimmering blue altar of Sif Muna.
  5496 | D:6      | Reached skill level 5 in Dodging
  5511 | D:6      | Reached skill level 8 in Axes
  5511 | D:6      | Reached XP level 8. HP: 65/70 MP: 7/7
  5673 | D:6      | Found an ancient bone altar of Kikubaaqudgha.
  6097 | D:7      | Reached skill level 9 in Axes
  6150 | D:7      | Reached **** piety under Trog
  7001 | D:8      | Reached XP level 9. HP: 62/79 MP: 8/8
  7428 | D:8      | Reached skill level 10 in Axes
  7510 | D:8      | Found a hazy altar of Hepliaklqana.
  7542 | D:8      | Found a shimmering altar of Xom.
  7659 | D:8      | Found a sacrificial altar of Ru.
  7768 | D:8      | Found a snail-covered altar of Cheibriados.
  7774 | D:8      | Found a shadowy altar of Dithmenos.
  7774 | D:8      | Found a bloodstained altar of Trog.
  7776 | D:8      | Found a shattered altar of Ashenzari.
  7829 | D:9      | Noticed a two-headed ogre
  7839 | D:9      | Killed a two-headed ogre
  7839 | D:9      | Reached skill level 11 in Axes
  7916 | D:9      | Noticed a troll
  7924 | D:9      | Killed a troll
  8049 | D:9      | Reached XP level 10. HP: 84/90 MP: 9/9
  8166 | D:9      | Found a staircase to the Lair.
  8180 | D:9      | Noticed Joseph
  8191 | D:9      | Killed Joseph
  8191 | D:9      | Reached ***** piety under Trog
  8394 | D:9      | Noticed an unseen horror
  8410 | D:9      | Killed an unseen horror
  8934 | D:9      | Reached skill level 12 in Axes
  9018 | D:10     | Entered Level 10 of the Dungeon
  9105 | D:10     | Noticed a two-headed ogre
  9128 | D:10     | Killed a two-headed ogre
  9729 | D:10     | Noticed a gargoyle
  9738 | D:10     | Killed a gargoyle
  9850 | D:10     | Noticed a two-headed ogre
  9859 | D:10     | Killed a two-headed ogre
  9965 | D:10     | Found a portal to a secret trove of treasure.
 10172 | D:10     | Noticed an unseen horror
 10186 | D:10     | Killed an unseen horror
 10186 | D:10     | Reached skill level 13 in Axes
 10186 | D:10     | Reached XP level 11. HP: 95/99 MP: 10/10
 10370 | Lair:1   | Entered Level 1 of the Lair of Beasts
 10470 | Lair:1   | Reached skill level 10 in Fighting
 10693 | Lair:1   | Noticed Grum
 10709 | Lair:1   | Killed Grum
 12342 | Lair:2   | Reached skill level 10 in Armour
 13016 | Lair:2   | Received a gift from Trog
 13183 | Lair:2   | Reached skill level 14 in Axes
 14723 | Lair:3   | Reached XP level 12. HP: 96/110 MP: 11/11
 14725 | Lair:3   | Reached skill level 10 in Dodging
 15270 | Lair:4   | Noticed a seven-headed hydra
 15277 | Lair:4   | Killed a seven-headed hydra
 15522 | Lair:4   | You fall into a shaft and drop 2 floors!
 15522 | Lair:6   | Entered Level 6 of the Lair of Beasts
 15630 | Lair:5   | Reached skill level 15 in Axes
 16077 | Lair:5   | Found a runed translucent door.
 16079 | Lair:5   | Noticed an eight-headed hydra
 16287 | Lair:4   | Noticed a four-headed hydra
 16290 | Lair:4   | Killed a four-headed hydra
 16296 | Lair:4   | Found a hole to the Spider Nest.
 16657 | Lair:4   | Noticed Sonja
 16964 | Lair:4   | Found a staircase to the Shoals.
 17220 | Lair:4   | HP: 3/111 [basilisk (8)]
 17226 | Lair:4   | Slain by a basilisk

Illustrated notes

Levels and vault maps discovered:
D:1:      nicolae_arrival_kraken_aquarium_a, layout_basic
D:2:      minmay_wonky_spiral, layout_loops_ring,
          grunt_temple_overflow_holy_war, grunt_temple_overflow_gold_and_silver,
          elyvilon_altar_3, chequers_ecumenical_altar_simple_redux,
          minmay_pentomino_u4
D:3:      layout_basic, kennysheep_okawaru_gauntlet
D:4:      layout_cave_pools, kennysheep_mini, first_ration, st_stairs_1,
          uniq_crazy_yiuf_cottage
D:5:      layout_loops_corners, kennysheep_little_box,
          minmay_temple_entry_offerings, basic_altar
D:6:      layout_basic, kennysheep_mini_moat
D:7:      layout_rooms, enter_bailey_3
D:8:      layout_rooms, old_standard_altar, cheibriados_altar_1,
          nicolae_overflow_hidden_temple, grunt_pizzeria,
          minmay_misc_feat_ornament
D:9:      layout_roguey, lair_entry_dummy, uniq_joseph
D:10:     layout_roguey, enter_trove_2, minmay_diced_spiral
Temple:   corrupted_temple
Lair:1:   layout_gridlike, nicolae_quartered_pool_medium,
          infiniplex_staircase_pool, uniq_grum
Lair:2:   layout_cave_shapes, chequers_serial_rivers_room_b, lemuel_fruit_fields
Lair:3:   layout_cave_pods
Lair:4:   layout_roguey, minmay_shoals_entry_lonely_mermaid, dummy_spider_entry,
          uniq_sonja
Lair:5:   layout_long_grid, dpeg_slime_entry_enclosed_altar,
          nicolae_volcano_entry_vermiform, pf_torpor_hydra, grunt_megastairs_4,
          minmay_lair_oklob_chamber, serial_bayou_shore_a
Lair:6:   minmay_lair_end_enchanted_forest, layout_loops_ring, lemuel_fruit_tree

Skill      XL: |  1  2  3  4  5  6  7  8  9 10 11 12 |
---------------+-------------------------------------+-----
Axes           | 4 5 6 8 9 11 13 14 15 | 15.5
Fighting       | 4 5 6 7 8 9 11 | 11.7
Armour         | 3 4 5 6 8 9 10 11 | 11.5
Dodging        | 3 4 5 6 7 8 9 10 | 10.0

Action                   |  1- 3 |  4- 6 |  7- 9 | 10-12 || total
-------------------------+-------+-------+-------+-------++-------
Melee: Hand axe          |    51 |   118 |       |       ||   169
       Headbutt          |     6 |    37 |    57 |    93 ||   193
       War axe           |       |    44 |   282 |   297 ||   623
       Executioner's axe |       |       |       |   214 ||   214
Throw: Dart              |       |       |     7 |     2 ||     9
Invok: Berserk           |       |       |     2 |     8 ||    10
       Brothers in Arms  |       |       |       |     2 ||     2
  Use: Scroll            |       |     3 |    13 |    12 ||    28
       Potion            |       |       |       |     5 ||     5
 Stab: Sleeping          |     1 |       |       |       ||     1
       Invisible         |       |       |       |     2 ||     2
  Eat: Chunk             |     1 |     8 |    12 |    30 ||    51
       Ration            |       |       |     1 |     2 ||     3
Armor: Animal skin       |    11 |     2 |       |       ||    13
       Chain mail        |       |    63 |    44 |       ||   107
       Plate armour      |       |       |   106 |   359 ||   465
Dodge: Dodged            |    23 |    65 |   143 |   433 ||   664

Table legend:
 A = Non-vault XP
 B = Vault XP
 C = Vault XP percentage of total XP
 D = Non-vault monster count
 E = Vault monster count
 F = Vault count percentage of total count
                 A         B        C        D         E       F
            +---------+---------+-------+---------+---------+-------
      Total |   26622 |    2683 |   9.2 |     290 |      23 |   7.3
            +---------+---------+-------+---------+---------+-------
        D:1 |      28 |       0 |   0.0 |      13 |       0 |   0.0
        D:2 |      92 |       6 |   6.1 |      24 |       5 |  17.2
        D:3 |     211 |       0 |   0.0 |      26 |       0 |   0.0
        D:4 |     107 |      42 |  28.2 |       6 |       1 |  14.3
        D:5 |     764 |       0 |   0.0 |      19 |       0 |   0.0
        D:6 |     608 |       0 |   0.0 |      18 |       0 |   0.0
        D:7 |     868 |       8 |   0.9 |      27 |       4 |  12.9
        D:8 |     797 |     215 |  21.2 |      19 |       1 |   5.0
        D:9 |    3324 |     475 |  12.5 |      39 |       1 |   2.5
       D:10 |    4313 |     228 |   5.0 |      25 |       2 |   7.4
     Lair:1 |    1955 |     526 |  21.2 |      13 |       4 |  23.5
     Lair:2 |    4663 |       0 |   0.0 |      17 |       0 |   0.0
     Lair:3 |    2880 |       0 |   0.0 |      20 |       0 |   0.0
     Lair:4 |    3294 |     466 |  12.4 |      16 |       1 |   5.9
     Lair:5 |    2718 |     717 |  20.9 |       8 |       4 |  33.3
            +---------+---------+-------+---------+---------+-------
